 Dungeon Crawl Stone Soup version 0.18.1-48-g4cf74bf (webtiles) character file.

21 Krovax444 the Caller (level 2, -1/16 HPs)
             Began as a Tengu Summoner on July 5, 2016.
             Slain by a rat (3 damage)
             ... on level 1 of the Dungeon.
             The game lasted 00:12:01 (1326 turns).

Krovax444 the Caller (Tengu Summoner)               Turns: 1326, Time: 00:12:01

Health: -1/16      AC:  0    Str:  8    XL:     2   Next: 83%
Magic:  6/6        EV: 12    Int: 15    God:
Gold:   17         SH:  0    Dex: 14    Spells: 2 memorised, 2 levels left

rFire  . . .     SeeInvis .     d - +0 dagger
rCold  . . .     Gourm    .     (no armour)
rNeg   . . .     Faith    .     (no shield)
rPois  .         Spirit   .     (helmet restricted)
rElec  .         Dismiss  .     (no cloak)
rCorr  .         Reflect  .     (no gloves)
SustAt .         Harm     .     (boots unavailable)
MR     .....                    (no amulet)
Stlth  ++........               (no ring)
                                (no ring)

@: not resistant to hostile enchantments, unstealthy
A: beak, talons 3
a: no special abilities


You were on level 1 of the Dungeon.
You were hungry.

You visited 1 branch of the dungeon, and saw 1 of its levels.

You collected 17 gold pieces.

Inventory:

Hand Weapons
 d - a +0 dagger (weapon)
Armour
 a - a +0 robe
Scrolls
 e - a scroll of immolation {unknown}
Books
 b - a book of Callings

   Spells                             Type                      Level
   a - Summon Small Mammal            Summoning                    1
   b - Call Imp                       Summoning                    2
   c - Call Canine Familiar           Summoning                    3
   d - Summon Guardian Golem          Hexes/Summoning              3
   e - Summon Lightning Spire         Summoning/Air                4
   f - Summon Ice Beast               Ice/Summoning                4
Comestibles
 c - a bread ration


   Skills:
 * Level 0.4 Fighting
 - Level 0.2 Short Blades
 + Level 2.2 Dodging
 + Level 2.2 Stealth
 + Level 2.2 Spellcasting
 + Level 5.2 Summonings


You had 2 spell levels left.
You knew the following spells:

 Your Spells              Type           Power        Failure   Level  Hunger
a - Summon Small Mammal   Summ           ###.         2%          1    #......
b - Call Imp              Summ           ###.....     4%          2    ###....


Dungeon Overview and Level Annotations

Branches:
Dungeon (1/15)

Altars:


Innate Abilities, Weirdness & Mutations

You have a beak for a mouth.
You have claws for feet.


Message History

You see here a stone.
You start resting.
Your shadow imp disappears in a puff of smoke!
Your crimson imp blinks!
Your crimson imp disappears in a puff of smoke!
A rat comes into view.
The rat misses your shadow imp.
The rat bites your shadow imp but does no damage.
Your shadow imp disappears in a puff of smoke!
You barely miss the rat. The rat bites you.
* * * LOW HITPOINT WARNING * * *
You are too injured to fight recklessly!
You are too injured to fight recklessly!
You hit the rat. You claw the rat, but do no damage.
The rat is moderately wounded.
The rat barely misses you.
You hit the rat but do no damage. Your kick misses the rat.
The rat is moderately wounded.
The rat bites you.
You die...

...................#
#######)?..........##
#####..............
#.†....####.......#
..###......####.......#
......))).....#######..
#######'##....# .
################r##....#
m#T#f#p#g#9#a##.@.#....#
###############.)(#....#
.............'(...#!...#
###############..(#....#
K#.#d#V#n#e#H##...#....#
################.## ...
..## ...#


You could see a rat.

Vanquished Creatures
  2 giant cockroaches (D:1)
  A goblin (D:1)
  A hobgoblin (D:1)
  2 bats (D:1)
  A kobold (D:1)
  A rat (D:1)
8 creatures vanquished.

Vanquished Creatures (collateral kills)
  A giant gecko (D:1)
  3 bats (D:1)
  2 goblins (D:1)
  A hobgoblin (D:1)
  A ball python (D:1)
  2 giant newts (D:1)
  4 kobolds (D:1)
  2 rats (D:1)
16 creatures vanquished.

Grand Total: 24 creatures vanquished

Notes
Turn   | Place    | Note
--------------------------------------------------------------
     0 | D:1      | Krovax444 the Tengu Summoner began the quest for the Orb.
     0 | D:1      | Reached XP level 1. HP: 10/10 MP: 4/4
     2 | D:1      | Noticed a centaur
     2 | D:1      | Noticed a tengu
     4 | D:1      | Noticed a felid
     4 | D:1      | Noticed an ogre
     6 | D:1      | Noticed a naga
     6 | D:1      | Noticed a spriggan
     8 | D:1      | Noticed a halfling
     8 | D:1      | Noticed a demonspawn
    10 | D:1      | Noticed an octopode
    10 | D:1      | Noticed a demigod
    14 | D:1      | Noticed a merfolk
    16 | D:1      | Noticed a troll
    18 | D:1      | Noticed a vine stalker
    18 | D:1      | Noticed a draconian
    20 | D:1      | Noticed a human
    20 | D:1      | Noticed a vampire
    22 | D:1      | Noticed a dwarf
    22 | D:1      | Noticed a ghoul
    24 | D:1      | Noticed a gargoyle
    24 | D:1      | Noticed an elf
    26 | D:1      | Noticed a formicid
    26 | D:1      | Noticed a minotaur
   340 | D:1      | Reached skill level 5 in Summonings
   490 | D:1      | Reached XP level 2. HP: 14/15 MP: 1/6
   563 | D:1      | Learned a level 2 spell: Call Imp
  1326 | D:1      | Slain by a rat

Skill      XL: |  1 |
---------------+----+-----
Summonings     | 5 |  5.2
Fighting       | |  0.4
Short Blades   | |  0.2
Dodging        | |  2.2
Stealth        | |  2.2
Spellcasting   | |  2.2

Action                   || total
-------------------------++-------
Melee: Dagger            ||    44
       Unarmed           ||     3
       Kick              ||     9
       Peck              ||     4
 Cast: Summon Small Mamm ||    17
       Call Imp          ||     5
 Stab: Distracted        ||     1
  Eat: Chunk             ||     1
Dodge: Dodged            ||    61
